 Dungeon Crawl Stone Soup version 0.29-a0-233-g1125b37a9b (webtiles) character file.

Game seed: 6115319378621228487

9 n8rtot the Skirmisher (level 2, 14/25 HPs)
             Began as a Palentonga Abyssal Knight on Mar 1, 2022.
             Was a Follower of Lugonu.
             Quit the game on level 1 of the Dungeon.
             The game lasted 00:04:21 (384 turns).

n8rtot the Skirmisher (Palentonga Abyssal Knight)    Turns: 384, Time: 00:04:21

Health: 14/25      AC:  4    Str: 16    XL:     2   Next: 3%
Magic:  3/3        EV:  9    Int: 10    God:    Lugonu [*.....]
Gold:   30         SH:  0    Dex: 10    Spells: 1/1 levels left

rFire   . . .      SeeInvis +   a - +1 hand axe
rCold   . . .      Faith    .   (no shield)
rNeg    . . .      Spirit   .   b - +0 leather armour
rPois   .          Reflect  .   (no helmet)
rElec   .          Harm     .   (no cloak)
rCorr   .          Rampage  .   (no gloves)
Will    .....                   (no barding)
Stlth   +.........              (no amulet)
HPRegen 0.08/turn               (no ring)
MPRegen 0.08/turn               (no ring)

@: no status effects
A: large, rugged brown scales 3, see invisible, deformed body, roll 1, armoured
tail
a: Rolling Charge, Renounce Religion, Depart the Abyss


You were on level 1 of the Dungeon.
You worshipped Lugonu.
Lugonu was aware of your devotion.
You visited 1 branch of the dungeon, and saw 1 of its levels.
You visited the Abyss 1 time.

You collected 30 gold pieces.

Inventory:

Hand Weapons
 a - a +1 hand axe (weapon)
Armour
 b - a +0 leather armour (worn)
Jewellery
 d - a ring of magical power
Potions
 c - a potion of berserk rage {unknown}


   Skills:
 + Level 3.2 Fighting
 + Level 2.2 Axes
 + Level 1.8 Armour
 + Level 0.7 Dodging
 + Level 2.0 Invocations


You had one spell level left.
You didn't know any spells.
Your spell library was empty.

Dungeon Overview and Level Annotations

Branches:
Dungeon (1/15)

Altars:


Innate Abilities, Weirdness & Mutations

You are completely covered in rugged brown scales. (AC +3, +7% HP)
You have supernaturally acute eyesight. (SInv)
Armour fits poorly on your strangely shaped body.
You can roll at nearby foes to attack.
You have a long armoured tail.


Message History

The endoplasm hits you but does no damage.
You see here a +0 dagger.
You barely miss the endoplasm.
The endoplasm is lightly wounded.
The endoplasm jiggles.
The endoplasm freezes you.
You are frozen.
You slash the endoplasm!
You kill the endoplasm!
Lugonu accepts your kill. The jackal barely misses you.
You closely miss the jackal.
The jackal bites you but does no damage.
You hit the jackal.
The jackal is severely wounded.
The jackal bites you.
The jackal bites you but does no damage.
You barely miss the jackal.
Your tail-slap misses the jackal.
The jackal is severely wounded.
The jackal bites you. The jackal barely misses you.
You hit the jackal.
The jackal is almost dead.
The jackal barely misses you.
You hit the jackal.
You kill the jackal!
Lugonu accepts your kill.
You have reached level 2!
Unknown command.
Unknown command.
Okay, then.
No item to drop.
Save game and exit? [Y]es or [N]o only, please.
Save game and exit?
Okay, then.
You don't know any spells.
Press: ? - help, v - describe, . - travel, g - get item Item here: a +0 dagger.
The floor, spattered with blood.
Are you sure you want to abandon this character and quit the game? (Confirm with "yes".)

.... ... .J.
#######..
#..@.#..#
#.##.#..###.#..
# #...........#
.#.#..##.#...
.........#
#.######.###
#..........# ###
#..#####.#.####.
..
#..............


There were no monsters in sight!

Vanquished Creatures
  2 endoplasms (D:1)
  3 goblins (D:1)
  A jackal (D:1)
  A kobold (D:1)
7 creatures vanquished.

Notes
Turn   | Place    | Note
-------+----------+-------------------------------------------
     0 | Abyss:1  | n8rtot the Palentonga Abyssal Knight began the quest for
                  | the Orb.
     0 | Abyss:1  | Reached XP level 1. HP: 19/19 MP: 2/2
    41 | Abyss:2  | Noticed a large abomination
    60 | Abyss:2  | Noticed a hell hog
    62 | Abyss:2  | Noticed a spatial vortex
    63 | Abyss:2  | Noticed a spatial vortex
    63 | Abyss:2  | Noticed a spatial maelstrom
    67 | Abyss:2  | Noticed a spatial vortex
    68 | Abyss:2  | Noticed a spatial vortex
    69 | Abyss:2  | Noticed a spatial vortex
    72 | Abyss:2  | Noticed an iron imp
    75 | Abyss:2  | Noticed a sixfirhy
    76 | D:1      | Escaped the Abyss
   262 | D:1      | Reached * piety under Lugonu
   384 | D:1      | Reached XP level 2. HP: 14/25 MP: 3/3
   384 | D:1      | Quit the game

Illustrated notes

Levels and vault maps discovered:
D:1:      matt_arrival_diagonals, layout_basic, ebering_ecumenical_altar_hall

Action                   || total
-------------------------++-------
Melee: Hand axe          ||    18
       Tailslap          ||     1
Invok: Depart the Abyss  ||     1
 Abil: Rolling Charge    ||     4
Armor: Leather armour    ||     9
Dodge: Dodged            ||     7

Table legend: (Time is in decaauts)
 A = Elapsed time spent in this place.
 B = Non-inter-level travel time spent in this place.
 C = Inter-level travel time spent in this place.
 D = Time resting spent in this place.
 E = Time spent auto-exploring this place.
 F = Levels seen in this place.
 G = Mean time per level.
                   A        B        C        D        E       F      G
               +--------+--------+--------+--------+--------+-----+--------+
         Total |    386 |    386 |      0 |    155 |     99 |   3 |  128.7 |
       Dungeon |    311 |    311 |      0 |    155 |     99 |   1 |  311.0 |
         Abyss |     75 |     75 |      0 |      0 |      0 |   2 |   37.5 |
               +--------+--------+--------+--------+--------+-----+--------+

Top non-repeatable levels by time:
     D:1: 311 daAuts
 Abyss:2: 49 daAuts
 Abyss:1: 26 daAuts
